 Dungeon Crawl Stone Soup version 0.21-a0-64-g1c0f2e3 (webtiles) character file.

3757 Manul the Cutter (level 10, -6/53 HPs)
             Began as a Vine Stalker Gladiator on June 17, 2017.
             Mangled by a komodo dragon (22 damage)
             ... on level 8 of the Dungeon.
             The game lasted 00:08:50 (5849 turns).

Manul the Cutter (Vine Stalker Gladiator)           Turns: 5849, Time: 00:08:50

Health: -6/53      AC: 10    Str: 22    XL:     10   Next: 15%
Magic:  0/11       EV: 15    Int:  8    God:
Gold:   152        SH:  0    Dex: 19    Spells: 9/9 levels left

rFire    . . .     SeeInvis .   k - +4 dagger of Disorder {speed, +Fly rPois Int-2 Stlth-}
rCold    . . .     Gourm    .   (no shield)
rNeg     . . .     Faith    .   o - +0 ring mail
rPois    +         Spirit   +   J - +0 hat of Least Resistance {MR- Str+5}
rElec    .         Reflect  .   g - +1 cloak
rCorr    .         Harm     +   G - +1 pair of gloves
MR       .....                  (no boots)
Stlth    +.........             s - amulet of harm
HPRegen  0.57/turn              E - +2 ring of intelligence
MPRegen  0.12/turn              (no ring)

@: no status effects
A: fangs 3, regeneration 1, magic shield, antimagic bite, no potion heal 3, rot
immunity
a: Evoke Flight


You were on level 8 of the Dungeon.
You were not hungry.

You visited 2 branches of the dungeon, and saw 9 of its levels.

You collected 431 gold pieces.
You spent 279 gold pieces at shops.

Inventory:

Hand Weapons
 a - a +0 quarterstaff
 k - the +4 dagger of Disorder (weapon) {speed, +Fly rPois Int-2 Stlth-}
   (You found it on level 5 of the Dungeon)

   Attacks with this weapon are significantly faster.
   It affects your intelligence (-2).
   It protects you from poison.
   It lets you fly.
   It makes you less stealthy.
 m - a cursed -2 hand axe
Missiles
 d - 6 throwing nets (quivered)
Armour
 c - a +0 helmet
 g - a +1 cloak (worn)
 o - a +0 ring mail (worn)
 q - a +0 pair of gloves
 G - a +1 pair of gloves (worn)
 J - the +0 hat of Least Resistance (worn) {MR- Str+5}
   (You bought it in a shop on level 8 of the Dungeon)

   It affects your strength (+5).
   It affects your resistance to hostile enchantments.
Jewellery
 s - an amulet of harm (around neck)
 C - an uncursed amulet of rage
 E - a +2 ring of intelligence (left hand)
Wands
 D - a wand of lightning (0/15)
Scrolls
 l - 4 scrolls of magic mapping {unknown}
 r - 5 scrolls of identify
 t - 2 scrolls of blinking
 u - 2 scrolls of amnesia
 x - 4 scrolls of teleportation {unknown}
 y - 2 scrolls of remove curse {unknown}
 A - a scroll of fear {unknown}
 H - a scroll of torment {unknown}
Potions
 b - a potion of flight {unknown}
 e - a potion of resistance {unknown}
 i - a potion of haste {unknown}
 v - a potion of experience {unknown}
 w - a potion of heal wounds {unknown}
 z - 2 potions of brilliance {unknown}
 F - a potion of ambrosia {unknown}
 I - 2 potions of lignification {unknown}
Books
 j - the Almanac of the Birds and Ignition
   (You found it on level 4 of the Dungeon)

   Spells                             Type                      Level
   a - Flame Tongue                   Conjuration/Fire             1
   b - Mephitic Cloud                 Conjuration/Poison/Air       3
   c - Static Discharge               Conjuration/Air              3
   d - Lightning Bolt                 Conjuration/Air              5
   e - Ring of Flames                 Charms/Fire                  7
Comestibles
 f - 6 bread rations
 h - 3 meat rations
 n - 10 fruits
 p - 3 royal jellies
 B - 2 chunks of flesh


   Skills:
 + Level 5.7 Fighting
 + Level 6.1 Short Blades
 + Level 5.2 Staves
 + Level 2.0 Throwing
 + Level 5.9 Armour
 + Level 5.4 Dodging
 + Level 3.6 Stealth
 + Level 0.5 Evocations


You had 9 spell levels left.
You didn't know any spells.

Dungeon Overview and Level Annotations

Branches:
Dungeon (8/15)             Temple (1/1) D:5            Lair (0/6) D:8

Altars:
Ashenzari
Cheibriados
Dithmenos
Elyvilon
Fedhas
Hepliaklqana
Kikubaaqudgha
Makhleb
Nemelex Xobeh
Okawaru
Qazlal
Ru
Sif Muna
Trog
Uskayaw
Vehumet
Wu Jian
Xom
Yredelemnul
Zin
The Shining One

Shops:
D:5 (!   D:8 [


Innate Abilities, Weirdness & Mutations

You have razor-sharp teeth.
Your natural rate of healing is unusually fast.
When hurt, damage is shared between your health and your magic reserves.
Your bite disrupts and absorbs the magic of your enemies.
Potions cannot restore your health.
You are immune to rotting.


Message History

The komodo dragon is severely wounded.
You barely miss the komodo dragon.
You bite the komodo dragon, but do no damage.
The komodo dragon is severely wounded.
The komodo dragon bites you!
* * * LOW HITPOINT WARNING * * *
You hit the komodo dragon. You bite the komodo dragon. You drain its power.
You feel invigorated.
The komodo dragon is severely wounded.
You hit the komodo dragon. You bite the komodo dragon. You drain its power.
You feel invigorated.
The komodo dragon is almost dead.
The komodo dragon closely misses you.
You hit the komodo dragon but do no damage.
You bite the komodo dragon, but do no damage.
The komodo dragon is almost dead.
You barely miss the komodo dragon.
The komodo dragon is almost dead.
The komodo dragon bites you!!
You die...

...##..# #. ##.# #..##.## #.#
#.## #.....# #.# #..# #.#..##
#.# ##.# #.#...### #.# #.#
#.......###.# #.#
.##.#.....#.### #.#
.##.###.......######.###
.........##..8.l@..8...#
###.###.....##########.#
..#.# #...### #.# #.#.#
###.## ###.### #...# #..#
###.....###
##########.#######.........##
.............#......PPP.P#
############.......PPPPPP#
#....PPPPl..PP#


You could see a komodo dragon.

Vanquished Creatures
  The ghost of AvylaarBelgium the Thaumaturge, a novice DEAE (D:7)
  The ghost of Squibie the Covert, a novice OpAs (D:4)
  2 slime creatures (D:7)
  Prince Ribbit (D:8)
  A hippogriff (D:8)
  Sigmund (D:3)
  2 sky beasts
  An orc warrior (D:7)
  A phantom (D:4)
  3 centaurs
  An ogre (D:7)
  5 big kobolds (D:7)
  2 bullfrogs (D:6)
  A water moccasin zombie (D:7)
  A scorpion (D:5)
  2 centaur zombies
  A crimson imp (D:7)
  A quasit (D:7)
  2 bullfrog skeletons
  2 hounds
  5 jellies
  An orc priest (D:7)
  A centaur skeleton (D:7)
  6 worker ants
  6 orc wizards
  5 gnolls
  A worker ant zombie (D:5)
  7 adders
  2 shadow imps
  4 oozes (D:7)
  An adder skeleton (D:5)
  A worm (D:3)
  A dart slug (D:1)
  4 leopard geckos
  15 orcs
  2 bats (D:3)
  4 giant cockroaches
  3 goblins
  4 hobgoblins
  13 jackals
  8 quokkas
  2 ball pythons
  5 frilled lizards
  A giant cockroach zombie (D:5)
  11 kobolds
  A leopard gecko zombie (D:5)
  7 rats
  A plant (D:3)
154 creatures vanquished.

Vanquished Creatures (others)
  2 fungi (D:7)
  A plant (D:8)
  10 toadstools (D:7)
13 creatures vanquished.

Grand Total: 167 creatures vanquished

Notes
Turn   | Place    | Note
-------+----------+-------------------------------------------
     0 | D:1      | Manul the Vine Stalker Gladiator began the quest for the Orb.
     0 | D:1      | Reached XP level 1. HP: 11/11 MP: 2/2
   259 | D:1      | Reached XP level 2. HP: 15/15 MP: 3/3
   884 | D:2      | Reached XP level 3. HP: 13/18 MP: 2/4
  1087 | D:2      | Found a faded altar of an unknown god.
  1297 | D:3      | Found a radiant altar of Vehumet.
  1562 | D:3      | Noticed Sigmund
  1570 | D:3      | Killed Sigmund
  1570 | D:3      | Reached skill level 1 in Armour
  1570 | D:3      | Reached skill level 1 in Stealth
  1570 | D:3      | Gained mutation: Your natural rate of healing is unusually fast. [Vine Stalker growth]
  1570 | D:3      | Reached XP level 4. HP: 23/23 MP: 5/5
  1570 | D:3      | Reached XP level 5. HP: 27/27 MP: 6/6
  2099 | D:4      | Reached XP level 6. HP: 16/32 MP: 4/7
  2150 | D:4      | Noticed a phantom
  2229 | D:4      | Killed a phantom
  2237 | D:4      | Noticed Squibie's ghost (novice OpAs)
  2250 | D:4      | Killed Squibie's ghost
  2250 | D:4      | Reached skill level 5 in Staves
  2250 | D:4      | Reached XP level 7. HP: 36/36 MP: 8/8
  2262 | D:4      | Identified the Almanac of the Birds and Ignition
  2599 | D:5      | Entered Level 5 of the Dungeon
  2647 | D:5      | Got a dazzling dagger
  2652 | D:5      | Identified the +4 dagger of Disorder {speed, +Fly rPois Int-2 Stlth-} (You found it on level 5 of the Dungeon)
  2705 | D:5      | Gained mutation: You have razor-sharp teeth. [Vine Stalker growth]
  2705 | D:5      | Reached XP level 8. HP: 24/42 MP: 9/9
  2820 | D:5      | Found Naretiaz's Antique Weapon Boutique.
  2890 | D:5      | Found an ancient bone altar of Kikubaaqudgha.
  2945 | D:5      | Found a snail-covered altar of Cheibriados.
  2946 | D:5      | Found a white marble altar of Elyvilon.
  3173 | D:5      | Found Xuidghi's Distillery.
  3206 | D:5      | Found a staircase to the Ecumenical Temple.
  3229 | Temple   | Entered the Ecumenical Temple
  3807 | D:6      | Reached skill level 1 in Short Blades
  4198 | D:7      | Reached skill level 2 in Short Blades
  4198 | D:7      | Reached XP level 9. HP: 46/46 MP: 10/10
  4313 | D:7      | Reached skill level 5 in Armour
  4348 | D:7      | Noticed AvylaarBelgium's ghost (novice DEAE)
  4361 | D:7      | Killed AvylaarBelgium's ghost
  4361 | D:7      | Reached skill level 3 in Short Blades
  4361 | D:7      | Reached skill level 5 in Dodging
  4554 | D:7      | Reached skill level 5 in Fighting
  4772 | D:7      | Reached skill level 4 in Short Blades
  5180 | D:7      | Reached skill level 5 in Short Blades
  5263 | D:7      | HP: 2/47 [large slime creature (36)]
  5331 | D:7      | Reached XP level 10. HP: 8/51 MP: 11/11
  5725 | D:8      | Reached skill level 6 in Short Blades
  5785 | D:8      | Found Gotiopp's Antique Armour Shoppe.
  5788 | D:8      | Found a staircase to the Lair.
  5801 | D:8      | Noticed Prince Ribbit
  5807 | D:8      | Killed Prince Ribbit
  5826 | D:8      | Bought an ichor-stained hat for 279 gold pieces
  5836 | D:8      | Identified the +0 hat of Least Resistance {MR- Str+5} (You bought it in a shop on level 8 of the Dungeon)
  5849 | D:8      | Mangled by a komodo dragon

Vault maps used:
D:1:      roderic_chinese_lattice_arrival
D:2:      chequers_ecumenical_altar_simple
D:3:      wad_woods_stonehenge, first_bread, uniq_sigmund
D:5:      nicolae_overflow_crystal_walls, grunt_temple_overflow_open,
          temple_hall, serial_shops, shop, shop, minmay_bent
D:6:      nicolae_underground_beach
D:7:      cheibrodos_fertilizer
D:8:      david_lair_shrubbed, serial_shops, shop_statue, the_bakery,
          uniq_psyche, uniq_prince_ribbit1
Temple:   eino_narrow_crystal_temple

Skill      XL: |  1  2  3  4  5  6  7  8  9 10 |
---------------+-------------------------------+-----
Fighting       | 2 3 4 5 |  5.7
Staves         | 3 4 5 |  5.2
Throwing       | 2 |  2.0
Armour         | 1 2 3 4 5 |  5.9
Dodging        | 3 4 5 |  5.4
Stealth        | 1 2 3 |  3.6
Short Blades   | 2 5 6 |  6.1
Evocations     | |  0.5

Action                   |  1- 3 |  4- 6 |  7- 9 | 10-12 || total
-------------------------+-------+-------+-------+-------++-------
Melee: Quarterstaff      |    94 |       |       |       ||    94
       Bite              |    32 |    20 |   158 |    23 ||   233
       Scythe            |       |    68 |    60 |       ||   128
       Dagger            |       |       |   366 |    42 ||   408
Evoke: Wand              |       |       |     2 |       ||     2
  Use: Potion            |     1 |     1 |       |       ||     2
       Scroll            |       |       |     6 |       ||     6
 Stab: Sleeping          |     1 |       |     2 |       ||     3
  Eat: Chunk             |     2 |     2 |    10 |       ||    14
       Bread ration      |       |       |       |     1 ||     1
Armor: Leather armour    |     7 |       |       |       ||     7
       Ring mail         |    13 |    34 |   109 |    13 ||   169
Dodge: Dodged            |    43 |    60 |   191 |    20 ||   314
